 Dungeon Crawl Stone Soup version 0.14-a0-2091-gca92d1a (webtiles) character file.

465 ReteAZ the Geomancer (level 6, -24/49 HPs)
             Began as a Deep Dwarf Earth Elementalist on Jan 25, 2014.
             Killed from afar by Restia's ghost (31 damage)
             ... with an exploding inner flame
             ... on Level 4 of the Dungeon.
             The game lasted 00:20:08 (3709 turns).

ReteAZ the Geomancer (DDEE)                         Turns: 3709, Time: 00:20:09

HP -24/49        AC  4     Str 12      XL: 6   Next: 17%
MP   0/13        EV 11     Int 17      God:
Gold 155         SH  0     Dex 13      Spells:  3 memorised,  5 levels left

rFire  . . .     SeeInvis .     b - 37 stones
rCold  + . .     Clarity  .     m - +0 elf leather armour
rNeg   . . .     Conserve .     (no shield)
rPois  .         rCorr    .     t - +0 helmet
rElec  .         rRot     .     (no cloak)
SustAb . .       Spirit   .     (no gloves)
rMut   .         Warding  .     (no boots)
Gourm  +         Stasis   .     g - amulet of the gourmand
MR     .....                    (no ring)
                                k - ring of protection from cold

@: non-regenerating, not resistant to hostile enchantments, fairly stealthy
A: damage resistance, recharge devices, sense surroundings 1, slow healing 3
a: Device Recharging


You were on level 4 of the Dungeon.
You were very full.

You visited 1 branch of the dungeon, and saw 4 of its levels.

You collected 155 gold pieces.

Inventory:

Hand weapons
 j - a +1,+1 elven whip of freezing
Missiles
 b - 37 stones (in hand)
 c - 24 darts
 q - a dart of frost (quivered)
Armour
 m - a +0 elven leather armour (worn)
 t - a +0 helmet (worn)
Magical devices
 a - a wand of heal wounds (1)
Comestibles
 f - 4 bread rations
 l - 4 meat rations
Scrolls
 o - a scroll of identify
 p - a scroll of remove curse
 r - 2 scrolls of enchant armour {unknown}
Jewellery
 g - an amulet of the gourmand (around neck)
 k - a ring of protection from cold (left hand)
 v - an uncursed amulet of resist mutation
Potions
 e - 2 potions of brilliance
 i - 2 potions of curing
 n - a potion of resistance
Books
 d - a book of Geomancy

   Spells                             Type                      Level
   *Sandblast                         Earth                        1
   *Stoneskin                         Transmutation/Earth          2
   Passwall                           Transmutation/Earth          3
   *Stone Arrow                       Conjuration/Earth            3
   Petrify                            Transmutation/Earth          4
   Lee's Rapid Deconstruction         Earth                        5


   Skills:
 - Level 2.1 Dodging
 - Level 2.4 Stealth
 + Level 3.3 Spellcasting
 - Level 0.8 Transmutations
 - Level 8.0 Earth Magic


You had 5 spell levels left.
You knew the following spells:

 Your Spells              Type           Power        Failure   Level  Hunger
a - Sandblast             Erth           ####..       1%          1    None
b - Stoneskin             Trmt/Erth      ###.......   4%          2    ##.....
c - Stone Arrow           Conj/Erth      ###...       12%         3    ###....


Dungeon Overview and Level Annotations

Branches:
Dungeon (4/16)
 Temple: D:4-7

Altars:
Ashenzari
Elyvilon
Xom
The Shining One


Innate Abilities, Weirdness & Mutations

You are resistant to damage.
You can recharge devices by infusing magical energy.
You passively map a small area around you.
You do not heal naturally.


Message History

Casting: Sandblast
Confirm with . or Enter, or press ? or * to list all spells.
Aiming: Sandblast
Press: ? - help, Shift-Dir - straight line, f/p - Restia's ghost
Aim: Restia's ghost (almost destroyed, inner flame)
The rocky blast hits Restia's ghost.
Restia's ghost is almost destroyed.
Restia's ghost hits you.
* * * LOW HITPOINT WARNING * * *
Casting: Sandblast
Confirm with . or Enter, or press ? or * to list all spells.
Aiming: Sandblast
Press: ? - help, Shift-Dir - straight line, f/p - Restia's ghost
Aim: Restia's ghost (almost destroyed, inner flame)
The rocky blast hits Restia's ghost.
Restia's ghost explodes!
The fiery explosion engulfs you!
One of your 2 scrolls of identify catches fire!
Ouch! That really hurt!
You die...

≈ ≈ ≈ ≈ ≈ ≈ ≈ ###### * ,
,#....# ,, , , , ,,#....# ,
, , , #####....########
...#......#....)..
...'....§§§....... ,
..#....@§#....... ,,
##...§## ##### , , , ,#....#
, , , #....# , * ##
#########''######### ≈≈≈
≈≈≈≈≈≈≈≈≈..(.≈≈≈≈≈≈≈≈≈≈ ≈
≈≈≈≈≈≈≈≈≈≈≈≈≈....≈≈≈≈≈≈≈≈≈≈
≈≈
≈≈≈≈≈≈≈≈≈≈≈≈≈.)..≈≈≈≈≈≈≈≈≈≈≈
≈≈≈≈≈≈≈≈≈≈≈≈≈....≈≈≈≈≈≈≈≈≈≈≈
≈


There were no monsters in sight!

Vanquished Creatures
  An ogre (D:4)
  An iguana (D:4)
  2 orc wizards
  A gnoll (D:1)
  6 adders
  4 giant geckos
  13 orcs
  8 bats
  3 giant cockroaches
  8 hobgoblins
  14 kobolds
  2 giant newts
  12 goblins
  9 rats
84 creatures vanquished.

Notes
Turn   | Place    | Note
--------------------------------------------------------------
     0 | D:1      | ReteAZ, the Deep Dwarf Earth Elementalist, began the quest for the Orb.
     0 | D:1      | Reached XP level 1. HP: 15/15 MP: 2/2
   357 | D:1      | Reached XP level 2. HP: 10/22 MP: 0/4
   454 | D:1      | Learned a level 2 spell: Stoneskin
   719 | D:1      | Reached skill level 5 in Earth Magic
   719 | D:1      | Reached XP level 3. HP: 2/28 MP: 1/6
  1068 | D:2      | Learned a level 3 spell: Stone Arrow
  1169 | D:2      | Reached skill level 6 in Earth Magic
  1282 | D:2      | Found a shimmering altar of Xom.
  1287 | D:2      | Found a shattered altar of Ashenzari.
  1288 | D:2      | Found a white marble altar of Elyvilon.
  1367 | D:2      | Reached XP level 4. HP: 14/36 MP: 1/7
  2179 | D:3      | Reached skill level 7 in Earth Magic
  2701 | D:3      | Reached XP level 5. HP: 16/42 MP: 0/9
  3146 | D:4      | Found a glowing golden altar of the Shining One.
  3234 | D:4      | Reached skill level 8 in Earth Magic
  3356 | D:4      | Noticed an ogre
  3437 | D:4      | Killed an ogre
  3437 | D:4      | Reached XP level 6. HP: 8/49 MP: 1/13
  3695 | D:4      | Noticed Restia's ghost (average DsMo)
  3709 | D:4      | Killed Restia's ghost
  3709 | D:4      | Killed from afar by Restia's ghost

Action                   |  1- 3 |  4- 6 || total
-------------------------+-------+-------++-------
Melee: Unarmed           |     7 |       ||     7
       Whip              |    21 |    52 ||    73
Throw: Dart              |     8 |     5 ||    13
       Stone             |     3 |       ||     3
 Cast: Sandblast         |    48 |    42 ||    90
       Stone Arrow       |     3 |    31 ||    34
       Stoneskin         |       |     1 ||     1
Evoke: Wand              |     1 |     3 ||     4
  Use: Scroll            |     1 |    13 ||    14
       Potion            |       |     7 ||     7
 Stab: Sleeping          |       |     2 ||     2
